 Dungeon Crawl Stone Soup version 0.24-a0-125-gdf024910ca (webtiles) character file.

Game seed: 0

237156 midsiam the Warrior (level 19, -5/147 HPs)
             Began as an Octopode Chaos Knight on Feb 23, 2019.
             Was the Champion of Nemelex Xobeh.
             Shot with a bolt by a naga sharpshooter (28 damage)
             ... on level 4 of the Snake Pit.
             The game lasted 01:50:47 (51319 turns).

midsiam the Warrior (Octopode Chaos Knight)        Turns: 51319, Time: 01:50:48

Health: -5/147     AC:  6    Str: 15    XL:     19   Next: 22%
Magic:  28/28      EV: 29    Int: 16    God:    Nemelex Xobeh [******]
Gold:   516        SH: 24    Dex: 22    Spells: 9/30 levels left

rFire    . . .     SeeInvis +   a - +9 double sword (holy)
rCold    + . .     Gourm    .   o - +5 shield
rNeg     . . .     Faith    .   T - +0 mask of the Dragon {MR+ Slay+3 SInv}
rPois    .         Spirit   .   U - +5 amulet of reflection
rElec    .         Reflect  +   M - +4 ring of evasion
rCorr    .         Harm     .   E - ring of the Ageless Allies {rC+ SInv}
MR       ++...                  (no ring)
Stlth    ++++......             s - +5 ring of dexterity
HPRegen  0.34/turn              G - ring of wizardry
MPRegen  0.21/turn              R - +4 ring of protection
                                p - +3 ring of slaying
                                C - +3 ring of strength

@: lethally poisoned (-5 -> -6)
A: almost no armour, stealthy swim, amphibious, 8 rings, constrict 8, fangs 2,
tentacle spike 1, rugged brown scales 1, camouflage 1, agile 1, sense
surroundings 1, screaming 1, weak 1, gelatinous body 1
}: 2/15 runes: serpentine, barnacled
a: Draw Escape, Draw Destruction, Draw Summoning, Triple Draw, Deal Four, Stack
Five, Renounce Religion


You were on level 4 of the Snake Pit.
You worshipped Nemelex Xobeh.
Nemelex Xobeh was exalted by your worship.
You were very hungry.

You visited 6 branches of the dungeon, and saw 32 of its levels.
You also visited: Gauntlet.

You collected 3861 gold pieces.
You spent 3345 gold pieces at shops.

Inventory:

Hand Weapons
 a - a +9 double sword of holy wrath (weapon)
 c - a +3 double sword of slicing
 Z - the +5 trident of the World {freeze, rF+}
   (You found it on level 5 of the Lair of Beasts)

   It has been specially enchanted to freeze those struck by it, causing extra
   injury to most foes and up to half again as much damage against particularly
   susceptible opponents.
   It can also slow down cold-blooded creatures.
   It protects you from fire.
Missiles
 Y - 6 throwing nets (quivered) {!f}
Armour
 o - a +5 shield (worn)
 T - the +0 mask of the Dragon (worn) {MR+ Slay+3 SInv}
   (You found it in a Gauntlet)

   It affects your accuracy and damage with ranged weapons and melee attacks
   (+3).
   It affects your resistance to hostile enchantments.
   It lets you see invisible.
Jewellery
 k - an uncursed ring of protection from cold
 n - the ring of Netink {Ice +Inv rPois MR- Int+6}
   (You acquired it on level 1 of the Shoals)

   [ring of ice]

   It enhances your ice magic.
   It affects your intelligence (+6).
   It makes you vulnerable to fire.
   It protects you from cold.
   It protects you from poison.
   It affects your resistance to hostile enchantments.
   It lets you turn invisible.
 p - a +3 ring of slaying (on tentacle)
 r - an uncursed ring of positive energy
 s - a +5 ring of dexterity (on tentacle)
 u - an uncursed ring of poison resistance
 C - a +3 ring of strength (on tentacle)
 E - the ring of the Ageless Allies (right tentacle) {rC+ SInv}
   (You acquired it on level 1 of the Shoals)

   [ring of see invisible]

   It protects you from cold.
   It lets you see invisible.
 F - an uncursed ring of resist corrosion
 G - a ring of wizardry (on tentacle)
 M - a +4 ring of evasion (left tentacle)
 R - a +4 ring of protection (on tentacle)
 U - a +5 amulet of reflection (around mantle)
Wands
 m - a wand of clouds (9)
 q - a wand of acid (4)
 D - a wand of scattershot (4)
 N - a wand of iceblast (10)
 O - a wand of enslavement (31)
 S - a wand of digging (4)
Scrolls
 g - 15 scrolls of teleportation {@r3}
 h - 2 scrolls of blinking
 i - a scroll of fear
 w - 8 scrolls of remove curse {@r2}
 x - a scroll of silence
 z - 9 scrolls of magic mapping
 B - 2 scrolls of identify {@r1}
 J - a scroll of acquirement
 K - 5 scrolls of fog
 W - a scroll of holy word
Potions
 d - 6 potions of lignification
 e - 7 potions of flight
 f - 6 potions of brilliance
 j - 3 potions of haste
 v - 3 potions of heal wounds
 y - a potion of resistance
 A - 2 potions of mutation
 H - 3 potions of might
 I - 2 potions of berserk rage
 L - 4 potions of cancellation
 P - 11 potions of curing {@q1}
 V - 3 potions of agility
 X - 3 potions of ambrosia
Miscellaneous
 l - 2 phantom mirrors
 t - a fan of gales
 Q - a lightning rod (4/4)
Comestibles
 b - 53 rations


   Skills:
 * Level 16.6 Fighting
 - Level 14.0 Long Blades
 + Level 12.2 Dodging
 - Level 4.0 Stealth
 - Level 15.0 Shields
 - Level 6.0 Spellcasting
 - Level 1.0 Conjurations
 - Level 11.0 Hexes
 - Level 5.0 Summonings
 + Level 3.9 Necromancy
 - Level 3.0 Translocations
 - Level 5.0 Air Magic
 - Level 1.1 Poison Magic
 - Level 9.0 Invocations
 - Level 6.0 Evocations


You had 9 spell levels left.
You knew the following spells:

 Your Spells              Type           Power        Failure   Level  Hunger
a - Blink                 Tloc           N/A          2%          2    #......
b - Mephitic Cloud        Conj/Pois/Air  ##......     6%          3    ##.....
d - Invisibility          Hex            #####...     9%          6    #######
e - Summon Lightning Spi  Summ/Air       ###.....     7%          4    ####...
g - Animate Skeleton      Necr           N/A          1%          1    None
h - Summon Butterflies    Summ           ###.....     1%          1    None
i - Apportation           Tloc           ##....       1%          1    None
j - Passwall              Tmut/Erth      #.......     9%          2    #......
k - Confusing Touch       Hex            #####.       1%          1    None

Your spell library contained the following spells:

 Spells                   Type           Power        Failure   Level  Hunger
 Corona                   Hex            #####..      1%          1    None
 Shock                    Conj/Air       ##..         1%          1    None
 Summon Small Mammal      Summ           ###.         1%          1    None
 Call Imp                 Summ           ###.....     1%          2    #......
 Ensorcelled Hibernation  Hex/Ice        ###...       1%          2    #......
 Slow                     Hex            #####...     1%          2    #......
 Confuse                  Hex            #####...     1%          3    ##.....
 Dazzling Spray           Conj/Hex       ###...       1%          3    ##.....
 Inner Flame              Hex/Fire       ###.....     1%          3    ##.....
 Portal Projectile        Hex/Tloc       ####..       1%          3    ##.....
 Summon Guardian Golem    Hex/Summ       ####....     1%          3    ##.....
 Tukima's Dance           Hex            #####...     1%          3    ##.....
 Cause Fear               Hex            #####.....   1%          4    ####...
 Poisonous Vapours        Pois/Air       ##....       2%          2    #......
 Call Canine Familiar     Summ           ###.....     2%          3    ##.....
 Magic Dart               Conj           #...         3%          1    None
 Sting                    Conj/Pois      #...         3%          1    None
 Swiftness                Chrm/Air       ##......     3%          2    #......
 Gell's Gravitas          Tloc           ##........   4%          3    ##.....
 Lesser Beckoning         Tloc           ##........   4%          3    ##.....
 Static Discharge         Conj/Air       ##......     4%          3    ##.....
 Fulminant Prism          Conj/Hex       ###.......   4%          4    ####...
 Beastly Appendage        Tmut           #.....       6%          1    None
 Freeze                   Ice            #...         6%          1    None
 Searing Ray              Conj           #.....       6%          2    #......
 Leda's Liquefaction      Hex/Erth       ###.......   6%          4    ####...
 Throw Frost              Conj/Ice       #.....       7%          2    #......
 Airstrike                Air            ###.......   7%          4    ####...
 Sticks to Snakes         Tmut           #.......     9%          2    #......
 Conjure Flame            Conj/Fire      #.......     13%         3    ##.....
 Ozocubu's Armour         Chrm/Ice       #.......     16%         3    ##.....
 Metabolic Englaciation   Hex/Ice        ###.......   16%         5    ######.
 Yara's Violent Unravell  Hex/Tmut       ###.......   16%         5    ######.
 Summon Ice Beast         Ice/Summ       ##......     19%         4    ####...
 Force Lance              Conj/Tloc      ##......     24%         4    ####...
 Iskenderun's Mystic Bla  Conj           #.......     32%         4    ####...
 Olgreb's Toxic Radiance  Pois           #.......     32%         4    ####...
 Throw Icicle             Conj/Ice       #.......     38%         4    ####...
 Lightning Bolt           Conj/Air       ##........   38%         5    ######.
 Petrify                  Tmut/Erth      #.......     45%         4    ####...
 Venom Bolt               Conj/Pois      #.........   65%         5    ######.
 Alistair's Intoxication  Tmut/Pois      #.......     71%         5    ######.
 Bolt of Magma            Conj/Fire/Erth #.........   75%         5    ######.
 Dispersal                Tloc           ##........   91%         6    #######
 Bolt of Cold             Conj/Ice       #.........   99%         6    #######
 Iron Shot                Conj/Erth      #.........   99%         6    #######
 Statue Form              Tmut/Erth      #........    100%        6    #######
 Controlled Blink         Tloc           N/A          100%        8    #######
 Disjunction              Tloc           ##........   100%        8    #######
 Shatter                  Erth           #.........   100%        9    #######


Dungeon Overview and Level Annotations

Branches:
Dungeon (15/15)            Temple (1/1) D:6            Lair (6/6) D:10
 Shoals (4/4) Lair:3        Snake (4/4) Lair:3        Slime (0/5) Lair:6
    Orc (2/2) D:9             Elf (0/3) Orc:2        Vaults (0/5) D:14
 Depths (0/5) D:15

Altars:
Ashenzari
Cheibriados
Dithmenos
Fedhas
Gozag
Hepliaklqana
Makhleb
Nemelex Xobeh
Okawaru
Qazlal
Sif Muna
Trog
Vehumet
Wu Jian
Xom
Yredelemnul
The Shining One
Beogh
Jiyva

Shops:
D:5 (   D:6 %   D:8 =   D:15 *   Orc:2 [(!}[   Snake:2 *%([[   Snake:3 [%:?

Annotations:
D:7 1 exclusion


Innate Abilities, Weirdness & Mutations

You cannot wear most types of armour.
You are very stealthy in the water. (Stealth+)
You are amphibious.
You can wear up to eight rings at the same time.
You can use your tentacles to constrict eight enemies at once.
Your skin changes colour to match your surroundings (Stealth+).
Your rubbery body absorbs attacks. (AC +1, EV +1)
You have extremely sharp teeth.
One of your tentacles bears a spike.
You are partially covered in rugged brown scales. (AC +1, +3% HP)
You are agile. (Dex +2)
You passively map a small area around you.
You occasionally shout uncontrollably at your foes.
You are weak. (Str -2)


Message History

Your squeeze misses the nagaraja.
You feel sick.
The nagaraja mumbles some strange words.
The nagaraja seems to speed up.
The naga sharpshooter shoots a bolt.
You reflect the bolt off an invisible shield around you!
The bolt hits the naga sharpshooter!!
You feel better. The nagaraja spits poison at you.
The splash of poison hits you!!
You are poisoned.
* * * LOW HITPOINT WARNING * * *
You feel sick.
The nagaraja points at you and mumbles some strange words.
The bolt of poison misses you.
The naga sharpshooter shoots a bolt.
You reflect the bolt off an invisible shield around you!
The bolt hits the naga sharpshooter!
You slice the nagaraja!!
You kill the nagaraja!
You feel sick.
The naga sharpshooter shoots a bolt.
The bolt hits you!!
You die...
Your body disappears without a glow.

####
####...............
###...............)..
##................#...
#........ .#####......
##....... #......
#...#N#.#* #......
#.....#)## #..)))^
#...[...#### #..))))
#....@.....#####......
##....................
###..........#...#...
####.......#()()...
#####...).......
######...).. #.)....
#....). #.)....


You could see a naga sharpshooter.

Vanquished Creatures
  Vashnia (Snake:2)
  Nikola (Snake:4)
  A kraken (Shoals:2)
  Kirke (D:15)
  4 nagarajas
  The ghost of Kristarius the Geomancer, a journeyman GrEE of Vehumet (Lair:5)
  A green death (Gauntlet)
  The ghost of Camlann the Grappler, a journeyman TrMo of Jiyva (Lair:6)
  An ettin (Orc:2)
  Josephine (D:12)
  12 merfolk impalers
  4 merfolk javelineers (Shoals:4)
  3 ogre magi
  4 hydras
  10 naga warriors
  3 alligator snapping turtles
  6 centaur warriors
  3 merfolk avatars
  8 anacondas
  2 catoblepae (Lair:6)
  5 merfolk aquamancers
  17 two-headed ogres
  2 satyrs
  An alligator (Lair:6)
  13 death yaks
  9 naga sharpshooters
  8 shock serpents
  A deep elf knight (D:14)
  The ghost of Enroth the Thaumaturge, a novice DEFE of Vehumet (D:9)
  5 salamander mystics
  2 deep trolls
  5 naga ritualists
  15 sea snakes
  A kraken simulacrum (Shoals:4)
  An unseen horror (D:15)
  2 wizards (D:15)
  7 harpies
  2 orc knights
  An orc sorcerer (D:15)
  12 manticores
  4 deep elf magi
  13 fauns
  A wolf spider (D:15)
  8 mana vipers
  An oklob plant (Lair:3)
  4 ugly things
  8 cyclopes
  7 salamanders
  An elephant (D:10)
  A guardian serpent (Snake:3)
  35 black mambas
  17 naga magi
  14 merfolk sirens
  2 gargoyles
  Psyche (D:8)
  6 centaur skeletons
  2 water nymphs (Shoals:4)
  2 torpor snails
  8 spiny frogs
  A kobold demonologist (D:14)
  7 komodo dragons
  A rime drake (Lair:4)
  An ice devil (Gauntlet)
  2 tengu conjurers
  2 yaktaurs (D:14)
  12 merfolk
  A queen bee (D:12)
  11 trolls
  2 wind drakes
  A polar bear (Lair:4)
  20 blink frogs
  A hornet (D:12)
  9 dream sheep
  12 hippogriffs
  12 snapping turtles
  15 water elementals
  2 wyverns
  A centaur simulacrum (D:15)
  38 yaks
  6 wraiths
  3 basilisks
  3 hogs (D:15)
  8 vampire mosquitoes
  3 hungry ghosts
  5 soldier ants
  3 wargs
  An acid dragon (D:7)
  57 nagas
  9 water moccasins
  A floating eye (Snake:4)
  10 porcupines
  An ice beast (D:6)
  A black bear (D:5)
  18 orc warriors
  5 sky beasts
  29 ogres
  A necrophage (D:8)
  2 phantoms
  8 wolves (Lair:4)
  24 centaurs
  9 crocodiles
  5 big kobolds
  23 bullfrogs
  A wyvern zombie (D:10)
  3 scorpions
  A water moccasin skeleton (D:8)
  19 killer bees
  6 howler monkeys
  3 electric eels
  6 crimson imps
  3 centaur zombies
  3 bullfrog zombies
  A quasit (D:15)
  10 hounds
  15 orc priests
  4 jellies
  28 orc wizards
  A bullfrog skeleton (D:8)
  Natasha (twice) (D:3)
  2 iguanas
  12 worker ants
  A hound zombie (D:11)
  3 hound skeletons
  A howler monkey zombie (D:11)
  A worker ant zombie (D:5)
  Robin (D:3)
  12 adders
  3 shadow imps
  4 white imps (Gauntlet)
  2 oozes
  2 adder zombies
  3 adder skeletons
  7 worms
  A ball lightning (Snake:4)
  A dart slug (D:1)
  4 leopard geckos
  92 orcs
  6 giant cockroaches
  14 goblins
  6 hobgoblins
  10 jackals
  7 quokkas
  5 bats
  5 frilled lizards
  A jackal skeleton (D:6)
  A jackal zombie (D:7)
  19 kobolds
  2 leopard gecko zombies
  8 rats
  A fungus (Lair:5)
  A plant (Shoals:1)
  3 tentacles
1046 creatures vanquished.

Vanquished Creatures (collateral kills)
  2 nagarajas (Snake:4)
  A fire dragon (Gauntlet)
  Harold (Lair:1)
  A hydra (Lair:3)
  2 merfolk avatars
  2 catoblepae
  2 two-headed ogres (D:15)
  5 death yaks (Lair:6)
  2 naga sharpshooters
  A shock serpent (Snake:2)
  2 sea snakes
  2 manticores
  A deep elf mage (D:15)
  2 salamanders (Snake:2)
  2 black mambas
  A merfolk siren (Shoals:3)
  A naga mage (Snake:3)
  3 spiny frogs
  A gargoyle (Gauntlet)
  An orange demon (Gauntlet)
  7 merfolk
  5 blink frogs
  A polar bear (Lair:6)
  A hippogriff (Lair:6)
  2 water elementals (Shoals:3)
  6 yaks
  6 nagas
  2 ogres (D:15)
  Natasha (D:3)
  A worker ant (D:3)
  A plant (Lair:2)
68 creatures vanquished.

Vanquished Creatures (others)
  Ilsuiw (Shoals:4)
  A merfolk javelineer (Shoals:4)
  A satyr (Shoals:3)
  2 naga sharpshooters
  2 shock serpents (Snake:3)
  A deep elf mage (D:14)
  A mana viper (Snake:3)
  A faun (Shoals:1)
  2 cyclopes
  A black mamba (Snake:1)
  A fire bat (D:12)
  A wraith (D:12)
  A warg (D:12)
  2 nagas (Snake:4)
  3 orc warriors
  An eye of draining (D:12)
  3 centaurs
  2 orc priests (D:12)
  3 orc wizards
  A ball lightning (Snake:2)
  An orc (D:12)
  A jackal (D:3)
  A quokka (D:8)
  2 kobolds (D:14)
  2 fungi (Lair:2)
  23 plants
  16 tentacles
77 creatures vanquished.

Grand Total: 1191 creatures vanquished

Notes
Turn   | Place    | Note
-------+----------+-------------------------------------------
     0 | D:1      | midsiam the Octopode Chaos Knight began the quest for the
                  | Orb.
     0 | D:1      | Reached XP level 1. HP: 16/16 MP: 1/1
    11 | D:1      | XOM: potion effect (invisibility)
   270 | D:1      | Reached skill level 1 in Stealth
   270 | D:1      | Reached XP level 2. HP: 19/21 MP: 2/2
   767 | D:2      | XOM: divination: detect creatures
   867 | D:2      | Reached XP level 3. HP: 19/26 MP: 3/3
  1097 | D:2      | XOM: harmless Summ miscast
  1101 | D:2      | XOM: harmless Pois miscast
  1152 | D:2      | XOM: harmless Necr miscast
  1442 | D:2      | XOM: snakes to sticks
  1513 | D:2      | XOM: harmless Air miscast
  1630 | D:2      | XOM: god gift: scroll labeled HERAMY SOUCORE {god gift}
  1676 | D:2      | Reached XP level 4. HP: 16/31 MP: 4/4
  1716 | D:2      | XOM: give mutation
  1716 | D:2      | Gained mutation: You are covered in fur. (AC +1) [Xom's
                  | grace]
  1973 | D:3      | Noticed Robin
  2020 | D:3      | Killed Robin
  2126 | D:3      | XOM is BORED!
  2126 | D:3      | XOM: confusion
  2138 | D:3      | Reached skill level 1 in Shields
  2225 | D:3      | Noticed Natasha
  2230 | D:3      | XOM: butterfly on damage
  2232 | D:3      | Killed Natasha
  2232 | D:3      | Reached XP level 5. HP: 22/36 MP: 5/5
  2586 | D:3      | XOM: scenery: create altars
  2713 | D:3      | Reached XP level 6. HP: 40/43 MP: 6/6
  2769 | D:3      | Found a shattered altar of Ashenzari.
  2786 | D:3      | XOM: cast spell 'Summon Mana Viper'
  2794 | D:3      | Noticed Natasha
  2802 | D:3      | Killed Natasha
  2916 | D:3      | Noticed Natasha
  2927 | D:3      | Killed Natasha
  3311 | D:3      | XOM is BORED!
  3429 | D:3      | XOM: god gift: 4 rations
  3523 | D:4      | Reached skill level 4 in Fighting
  3742 | D:4      | XOM: noise
  3827 | D:4      | Reached XP level 7. HP: 48/48 MP: 7/7
  4286 | D:4      | XOM: harmless Tloc miscast
  4392 | D:4      | Found a burning altar of Makhleb.
  4494 | D:5      | Entered Level 5 of the Dungeon
  4501 | D:5      | Found a bloodstained altar of Trog.
  4509 | D:5      | Found a shadowy altar of Dithmenos.
  5017 | D:5      | Learned a level 2 spell: Blink
  5021 | D:5      | Learned a level 3 spell: Mephitic Cloud
  5058 | D:5      | XOM: summons 3 hostile demons
  5068 | D:5      | XOM: god gift: chain mail {god gift}
  5145 | D:5      | Found Vallass's Antique Weapon Boutique.
  5283 | D:5      | Reached XP level 8. HP: 54/54 MP: 8/8
  5388 | D:5      | XOM: confuse monster(s)
  5403 | D:5      | Reached skill level 5 in Fighting
  5438 | D:5      | Reached skill level 5 in Dodging
  5438 | D:5      | Reached skill level 1 in Spellcasting
  5743 | D:6      | XOM: enchant monster (good)
  5771 | D:6      | XOM: butterfly on damage
  5780 | D:6      | XOM: potion effect (berserk rage)
  5782 | D:6      | Reached skill level 5 in Long Blades
  5787 | D:6      | XOM: mild Pois miscast
  6049 | D:6      | XOM: summons 2 friendly demons
  6070 | D:6      | XOM: cast spell 'Metabolic Englaciation'
  6073 | D:6      | XOM: polymorph orc warrior -> howler monkey
  6075 | D:6      | XOM: confuse monster(s)
  6157 | D:5      | XOM: god gift: shiny chain mail {god gift}
  6167 | D:6      | XOM: summons friendly shadow imp
  6253 | D:6      | XOM: mild Hex miscast
  6432 | D:6      | Found Yri Lu Lae's Food Shop.
  6557 | D:6      | Found a staircase to the Ecumenical Temple.
  6637 | D:6      | XOM: 2-stop teleportation journey
  6642 | D:6      | XOM: confuse monster(s)
  6652 | D:6      | Reached skill level 6 in Fighting
  6652 | D:6      | Reached skill level 1 in Translocations
  6652 | D:6      | Reached XP level 9. HP: 48/62 MP: 12/12
  6901 | D:6      | Found Yri Lu Lae's Food Shop.
  7029 | D:6      | Found a staircase to the Ecumenical Temple.
  7103 | D:6      | XOM: give mutations
  7103 | D:6      | Gained mutation: You possess an exceptional clarity of
                  | mind. [Xom's grace]
  7103 | D:6      | Gained mutation: You are agile. (Dex +2) [Xom's grace]
  7103 | D:6      | Gained mutation: You are very agile. (Dex +4) [Xom's grace]
  7103 | D:6      | Gained mutation: You are partially covered in rugged brown
                  | scales. (AC +1, +3% HP) [Xom's grace]
  7164 | Temple   | XOM: stealth player
  7164 | Temple   | Entered the Ecumenical Temple
  7196 | Temple   | Fell from the grace of Xom
  7196 | Temple   | Became a worshipper of Nemelex Xobeh the Trickster
  7456 | D:7      | Received a gift from Nemelex Xobeh
  7838 | D:7      | Learned a level 2 spell: Swiftness
  7890 | D:8      | Found Zisyesef's Jewellery Shop.
  7977 | D:8      | Reached skill level 1 in Invocations
  8340 | D:8      | XOM: 2-stop teleportation journey
  8351 | D:8      | Reached XP level 10. HP: 71/71 MP: 13/13
  8376 | D:8      | Reached skill level 7 in Fighting
  8533 | D:8      | Noticed Psyche
  8543 | D:8      | Killed Psyche
  8690 | D:8      | XOM: summons 8 hostile demons
  9075 | D:7      | Noticed a gargoyle
  9170 | D:8      | Received a gift from Nemelex Xobeh
  9246 | D:8      | Reached * piety under Nemelex Xobeh
  9254 | D:8      | XOM: give mutation
  9254 | D:8      | Gained mutation: You evolve. [Xom's grace]
  9615 | D:6      | XOM: torment (42/73 hp)
  9657 | D:5      | Bought a glowing double sword for 414 gold pieces
  9697 | D:5      | XOM: give mutations
  9697 | D:5      | Gained mutation: You occasionally shout uncontrollably at
                  | your foes. [Xom's mischief]
  9697 | D:5      | Lost mutation: You possess an exceptional clarity of mind.
                  | [Xom's mischief]
  9858 | D:9      | Found a glowing golden altar of the Shining One.
  9966 | D:9      | XOM: mild Conj miscast
  9993 | D:9      | Noticed a two-headed ogre
 10006 | D:9      | Killed a two-headed ogre
 10006 | D:9      | Reached skill level 1 in Poison Magic
 10059 | D:9      | Reached skill level 1 in Conjurations
 10059 | D:9      | Reached skill level 1 in Air Magic
 10208 | D:9      | XOM: torment (42/73 hp)
 10283 | D:9      | XOM: mild Erth miscast
 10557 | D:9      | XOM: give mutations
 10557 | D:9      | Lost mutation: You are very agile. (Dex +4) [Xom's
                  | mischief]
 10557 | D:9      | Gained mutation: You have very sharp teeth. [Xom's
                  | mischief]
 10557 | D:9      | Gained mutation: You are frail. (-10% HP) [Xom's mischief]
 10661 | D:9      | Found a staircase to the Orcish Mines.
 11208 | D:9      | XOM: mild Conj miscast
 11402 | D:9      | Found a runed translucent gate.
 11402 | D:9      | Found a runed translucent gate.
 11402 | D:9      | Found a runed translucent gate.
 11402 | D:9      | Noticed Enroth's ghost (novice DEFE)
 11453 | D:9      | Reached ** piety under Nemelex Xobeh
 11453 | D:9      | Noticed a two-headed ogre
 11458 | D:9      | Killed a two-headed ogre
 11458 | D:9      | Reached skill level 5 in Invocations
 11458 | D:9      | Reached XP level 11. HP: 51/69 MP: 14/14
 11570 | D:9      | XOM: give mutations
 11570 | D:9      | Lost mutation: You are frail. (-10% HP) [Xom's mischief]
 11570 | D:9      | Gained mutation: You are weak. (Str -2) [Xom's mischief]
 11820 | D:9      | Found a snail-covered altar of Cheibriados.
 11967 | D:10     | Entered Level 10 of the Dungeon
 13220 | D:10     | XOM: mild Tloc miscast
 13373 | D:10     | Found a staircase to the Lair.
 14022 | D:10     | XOM: noise
 14313 | D:9      | XOM: noise
 14363 | D:9      | Identified a scroll of acquirement
 14460 | D:10     | XOM: medium Conj miscast
 15353 | D:8      | Bought a +4 ring of protection for 504 gold pieces
 15446 | D:9      | Gained mutation: You have extremely sharp teeth.
                  | [evolution]
 15503 | D:11     | XOM: medium Erth miscast
 15603 | D:11     | Noticed a two-headed ogre
 15626 | D:11     | Killed a two-headed ogre
 15626 | D:11     | Reached skill level 10 in Long Blades
 15667 | D:11     | XOM: give mutations
 15667 | D:11     | Gained mutation: You passively map a small area around you.
                  | [Xom's mischief]
 15667 | D:11     | Gained mutation: One of your tentacles bears a spike.
                  | [Xom's mischief]
 15667 | D:11     | Lost mutation: You passively map a small area around you.
                  | [Xom's mischief]
 15667 | D:11     | Lost mutation: You are covered in fur. (AC +1) [Xom's
                  | mischief]
 15737 | D:11     | Received a gift from Nemelex Xobeh
 15781 | D:11     | Noticed a two-headed ogre
 15833 | D:11     | Killed a two-headed ogre
 15910 | D:11     | Noticed a cyclops
 15917 | D:11     | Killed a cyclops
 15952 | D:11     | XOM: medium Chrm miscast
 16072 | D:11     | Found a snail-covered altar of Cheibriados.
 16218 | D:11     | Noticed a brown ugly thing
 16229 | D:11     | Killed a brown ugly thing
 16229 | D:11     | Reached XP level 12. HP: 60/83 MP: 15/18
 16338 | D:11     | Reached *** piety under Nemelex Xobeh
 16359 | D:11     | XOM: mild Air miscast
 16558 | D:11     | Learned a level 4 spell: Airstrike
 16593 | Lair:1   | Entered Level 1 of the Lair of Beasts
 16593 | Lair:1   | Noticed a four-headed hydra
 16618 | Lair:1   | Killed a four-headed hydra
 16618 | Lair:1   | Reached skill level 10 in Dodging
 16707 | Lair:1   | XOM: noise
 17155 | Lair:1   | Found the +3 pair of gauntlets of War {Slay+5}
 17162 | Lair:1   | Received a gift from Nemelex Xobeh
 17343 | Lair:1   | Learned a level 4 spell: Summon Lightning Spire
 17347 | Lair:1   | Learned a level 3 spell: Call Canine Familiar
 17497 | Lair:1   | Received a gift from Nemelex Xobeh
 17508 | Lair:1   | Noticed Harold
 17532 | Lair:1   | Killed Harold
 17664 | Lair:1   | Reached skill level 8 in Fighting
 17836 | Lair:1   | XOM: mild Summ miscast
 17971 | Lair:2   | Noticed a death yak
 17976 | Lair:2   | Noticed a death yak
 18047 | Lair:2   | Noticed a death yak
 18063 | Lair:1   | Killed a death yak
 18172 | Lair:1   | Killed a death yak
 18274 | Lair:1   | XOM: medium Tmut miscast
 18368 | Lair:2   | Noticed a death yak
 18495 | Lair:1   | XOM: noise
 18495 | Lair:1   | Was forgiven by Xom
 18657 | Lair:2   | Noticed a death yak
 18680 | Lair:1   | Killed a death yak
 18894 | Lair:1   | Killed a death yak
 19416 | Lair:2   | Learned a level 1 spell: Animate Skeleton
 19431 | Lair:2   | Reached **** piety under Nemelex Xobeh
 19477 | Lair:2   | Noticed a six-headed hydra
 19500 | Lair:2   | Killed a six-headed hydra
 19517 | Lair:2   | Reached skill level 5 in Shields
 19612 | Lair:2   | Killed a death yak
 19893 | Lair:2   | Received a gift from Nemelex Xobeh
 20046 | Lair:2   | Gained mutation: You passively map a small area around you.
                  | [evolution]
 20046 | Lair:2   | Lost mutation: You evolve. [end of evolution]
 20439 | D:8      | Bought an uncursed ring of protection from cold for 350
                  | gold pieces
 20601 | Lair:3   | Found a staircase to the Snake Pit.
 20631 | Lair:3   | Reached XP level 13. HP: 74/91 MP: 19/19
 21145 | Lair:3   | Received a gift from Nemelex Xobeh
 21546 | Lair:3   | Found a staircase to the Shoals.
 21552 | Lair:3   | Reached skill level 9 in Fighting
 22344 | Lair:3   | Learned a level 1 spell: Summon Butterflies
 22998 | Lair:4   | Received a gift from Nemelex Xobeh
 23134 | Lair:4   | Reached ***** piety under Nemelex Xobeh
 23731 | Lair:5   | Reached skill level 10 in Fighting
 24116 | Lair:5   | Received a gift from Nemelex Xobeh
 24280 | Lair:5   | Found a runed translucent gate.
 24280 | Lair:5   | Found a runed translucent gate.
 24280 | Lair:5   | Found a runed translucent gate.
 24281 | Lair:5   | Noticed Kristarius's ghost (journeyman GrEE)
 24330 | Lair:6   | Entered Level 6 of the Lair of Beasts
 24371 | Lair:6   | Found a staircase to the Slime Pits.
 24371 | Lair:6   | Found a viscous altar of Jiyva.
 24386 | Lair:6   | Reached skill level 10 in Shields
 24461 | Lair:6   | Found a gate leading to a gauntlet.
 24470 | Gauntlet | Entered a Gauntlet
 24470 | Gauntlet | Found a transporter.
 24673 | Gauntlet | Received a gift from Nemelex Xobeh
 24680 | Gauntlet | Found a transporter.
 24682 | Gauntlet | Found a transporter.
 24691 | Gauntlet | Found a transporter.
 24693 | Gauntlet | Found a transporter.
 24701 | Gauntlet | Found a transporter.
 24723 | Gauntlet | Found a runed translucent gate.
 24723 | Gauntlet | Found a transporter.
 24724 | Gauntlet | Found a runed translucent gate.
 24725 | Gauntlet | Found a runed translucent gate.
 24733 | Gauntlet | Found a transporter.
 24740 | Gauntlet | Found a transporter.
 24742 | Gauntlet | Noticed a green death
 24763 | Gauntlet | Found a transporter.
 24778 | Gauntlet | Found a transporter.
 24779 | Gauntlet | Found a transporter.
 24880 | Gauntlet | Found a transporter.
 25186 | Gauntlet | Found a transporter.
 25221 | Gauntlet | Killed a green death
 25231 | Gauntlet | Got an ancient glass ring
 25366 | Gauntlet | Identified the cursed ring of Ahurph {AC-3 Dex+3 SInv} (You
                  | found it in a Gauntlet)
 25400 | Gauntlet | Identified the +8 trident of Triumph {elec, *Contam Fragile
                  | rElec Str+9}
 25400 | Gauntlet | Identified the +5 ring mail of Azoolof {Int-4 Dex+5}
 25400 | Gauntlet | Noticed a minotaur
 25405 | Gauntlet | Noticed a fire dragon
 25405 | Gauntlet | a minotaur changed into a fire dragon
 25411 | Gauntlet | Killed a fire dragon
 25626 | Gauntlet | Identified the Guide on the Shifting Frostbite
 25627 | Gauntlet | Found the +0 mask of the Dragon {MR+ Slay+3 SInv}
 25683 | Lair:6   | Reached XP level 14. HP: 67/101 MP: 20/20
 25853 | Lair:6   | Found a runed translucent gate.
 25853 | Lair:6   | Found a runed translucent gate.
 25853 | Lair:6   | Found a runed translucent gate.
 25857 | Lair:6   | Noticed Camlann's ghost (journeyman TrMo)
 26345 | Lair:6   | Received a gift from Nemelex Xobeh
 27285 | Lair:6   | Reached skill level 11 in Fighting
 28597 | Lair:6   | Learned a level 1 spell: Apportation
 29032 | D:9      | Killed Enroth's ghost
 29109 | D:8      | Bought a +5 ring of dexterity for 576 gold pieces
 29251 | D:12     | Noticed Nessos
 29252 | D:12     | Noticed Nessos
 29252 | D:12     | Nessos changed into Nessos the wind drake
 29270 | D:12     | Noticed Josephine
 29273 | D:12     | Noticed Nessos
 29273 | D:12     | Nessos the wind drake changed into Nessos the warg
 29274 | D:12     | Killed Nessos the warg
 29517 | D:12     | Killed Josephine
 29588 | D:12     | Received a gift from Nemelex Xobeh
 30483 | D:13     | Reached skill level 1 in Summonings
 30735 | D:13     | Received a gift from Nemelex Xobeh
 31298 | D:14     | Reached ****** piety under Nemelex Xobeh
 31307 | D:14     | Received a gift from Nemelex Xobeh
 31361 | D:14     | Reached XP level 15. HP: 111/111 MP: 21/21
 31682 | D:14     | Reached skill level 12 in Fighting
 31905 | D:14     | Received a gift from Nemelex Xobeh
 32096 | D:14     | Reached skill level 5 in Spellcasting
 32342 | D:14     | Found a gate to the Vaults.
 32561 | D:15     | Entered Level 15 of the Dungeon
 32619 | D:15     | Found a blossoming altar of Fedhas.
 32623 | D:15     | Noticed Kirke
 32628 | D:15     | Killed Kirke
 32652 | D:15     | Reached skill level 5 in Summonings
 32688 | D:15     | Found Koucumy's Assorted Antiques.
 32862 | D:15     | Bought an ivory ring for 175 gold pieces
 32862 | D:15     | Bought a scroll of identify for 70 gold pieces
 32921 | D:15     | Found a basalt altar of Yredelemnul.
 32931 | D:15     | Reached skill level 5 in Air Magic
 32938 | D:15     | Received a gift from Nemelex Xobeh
 33261 | D:15     | Found a staircase to the Depths.
 34110 | Orc:1    | Entered Level 1 of the Orcish Mines
 34578 | Orc:2    | Entered Level 2 of the Orcish Mines
 34590 | Orc:2    | Received a gift from Nemelex Xobeh
 34624 | Orc:2    | Found a roughly hewn altar of Beogh.
 34724 | Orc:2    | Found Deosagg's Armour Boutique.
 34756 | Orc:2    | Found a staircase to the Elven Halls.
 34771 | Orc:2    | Reached skill level 1 in Evocations
 35049 | Orc:2    | Found Femecau's Distillery.
 35058 | Orc:2    | Found Qaes's Armour Emporium.
 35086 | Orc:2    | Reached XP level 16. HP: 108/118 MP: 25/25
 35099 | Orc:2    | Bought a potion of ambrosia for 112 gold pieces
 35099 | Orc:2    | Bought a potion of berserk rage for 70 gold pieces
 35099 | Orc:2    | Bought a potion of curing for 42 gold pieces
 35099 | Orc:2    | Bought 2 potions of curing for 84 gold pieces
 35123 | Orc:2    | Found Mecoxt's Weapon Boutique.
 35151 | Orc:2    | Found Futhois's Gadget Shop.
 35407 | Orc:2    | Bought a wand of clouds (6) for 300 gold pieces
 35593 | Orc:2    | Received a gift from Nemelex Xobeh
 35922 | D:5      | Bought a runed double sword for 414 gold pieces
 36219 | Lair:6   | Killed Camlann's ghost
 36267 | Lair:6   | Learned a level 6 spell: Invisibility
 36270 | Lair:6   | Learned a level 2 spell: Passwall
 36272 | Lair:6   | Learned a level 1 spell: Confusing Touch
 36366 | Snake:1  | Entered Level 1 of the Snake Pit
 36434 | Snake:1  | Reached skill level 1 in Hexes
 37000 | Snake:1  | Received a gift from Nemelex Xobeh
 38004 | Snake:1  | Received a gift from Nemelex Xobeh
 38411 | Snake:2  | Reached skill level 13 in Fighting
 38468 | Snake:2  | HP: 4/120 [card of wild magic (35)]
 38880 | Snake:2  | Reached skill level 15 in Shields
 39046 | Snake:2  | Found Mamaabla's Food Shop.
 39069 | Snake:2  | Found Seafuf's Antique Armour Boutique.
 39107 | Snake:2  | Found Vuphakh's Antique Armour Shop.
 39110 | Snake:2  | Found Tegi's Weapon Shop.
 39685 | Snake:2  | Noticed Vashnia
 39714 | Snake:2  | Killed Vashnia
 39714 | Snake:2  | Reached skill level 5 in Hexes
 40253 | Snake:2  | Noticed a nagaraja
 40257 | Snake:2  | Reached XP level 17. HP: 125/126 MP: 26/26
 40631 | Snake:2  | Found Zoosutul's Assorted Antiques.
 40639 | Snake:2  | Bought a scroll labeled SILAOZE NIHOW for 42 gold pieces
 40639 | Snake:2  | Bought a scroll of identify for 84 gold pieces
 40677 | Snake:2  | Received a gift from Nemelex Xobeh
 41062 | Snake:3  | Got a coiled iron amulet
 42418 | Snake:3  | Found Elicw's Food Shop.
 42518 | Snake:3  | Found Idag's Magic Scroll Shop.
 42548 | Snake:3  | Bought a scroll of identify for 36 gold pieces
 42548 | Snake:3  | Bought a scroll of identify for 36 gold pieces
 42548 | Snake:3  | Bought a scroll of fog for 36 gold pieces
 42548 | Snake:3  | Identified the amulet of Duredwugh {Reflect Dex+3 SH+2}
                  | (You found it on level 3 of the Snake Pit)
 42575 | Snake:3  | Found a basalt altar of Yredelemnul.
 42705 | Snake:3  | Found Gyeplyud's Book Emporium.
 42734 | Snake:3  | Found Iliqekh's Antique Armour Boutique.
 42782 | Snake:3  | Received a gift from Nemelex Xobeh
 43096 | Shoals:1 | Entered Level 1 of the Shoals
 43764 | Shoals:1 | Received a gift from Nemelex Xobeh
 43776 | Shoals:1 | Reached skill level 14 in Fighting
 44107 | Shoals:1 | Got a heavily runed bronze ring
 44107 | Shoals:1 | Got a pitted steel ring
 44109 | Shoals:1 | Identified the ring of Netink {Ice +Inv rPois MR- Int+6}
                  | (You acquired it on level 1 of the Shoals)
 44111 | Shoals:1 | Identified the ring of the Ageless Allies {rC+ SInv} (You
                  | acquired it on level 1 of the Shoals)
 44598 | Shoals:2 | Noticed a kraken
 44623 | Shoals:2 | Killed a kraken
 44896 | Shoals:2 | Reached skill level 10 in Hexes
 44941 | Shoals:2 | Received a gift from Nemelex Xobeh
 45618 | Shoals:3 | Reached XP level 18. HP: 123/135 MP: 27/27
 45740 | Shoals:3 | Received a gift from Nemelex Xobeh
 46269 | Shoals:3 | Reached skill level 15 in Fighting
 46665 | Shoals:4 | Entered Level 4 of the Shoals
 46675 | Shoals:4 | Noticed Ilsuiw
 46684 | Shoals:4 | Killed Ilsuiw
 47524 | Shoals:4 | Received a gift from Nemelex Xobeh
 47599 | Shoals:4 | Found a glowing golden altar of the Shining One.
 47882 | Shoals:4 | Got a barnacled rune of Zot
 48041 | Shoals:4 | Received a gift from Nemelex Xobeh
 48837 | Lair:5   | Killed Kristarius's ghost
 48837 | Lair:5   | Reached skill level 5 in Evocations
 48906 | Lair:5   | Reached skill level 16 in Fighting
 48955 | Lair:5   | Got a warped trident
 48959 | Lair:5   | Identified the +5 trident of the World {freeze, rF+} (You
                  | found it on level 5 of the Lair of Beasts)
 49104 | Snake:4  | Entered Level 4 of the Snake Pit
 50008 | Snake:4  | Received a gift from Nemelex Xobeh
 50049 | Snake:4  | Reached XP level 19. HP: 114/145 MP: 28/28
 50142 | Snake:4  | Noticed Nikola
 50185 | Snake:4  | Found a shimmering altar of Xom.
 50189 | Snake:4  | Killed Nikola
 50424 | Snake:4  | Received a gift from Nemelex Xobeh
 51202 | Snake:4  | Got a serpentine rune of Zot
 51319 | Snake:4  | Shot with a bolt by a naga sharpshooter

Levels and vault maps discovered:
D:1:      dpeg_chamrin_arrival_tetris, layout_basic, minivault_23
D:2:      layout_loops_cross, kennysheep_another_room
D:3:      layout_loops_cross, lemuel_round_altar, serial_bayou_ford_a,
          uniq_natasha, uniq_robin
D:4:      layout_cave_pods, first_ration, makhleb_heckhound_becter
D:5:      layout_loops_corners, minitemple, serial_shops, shop,
          kennysheep_generic_room_14
D:6:      layout_gridville, minmay_temple_entry_proselytizer, serial_shops, shop
D:7:      minmay_klotski, layout_basic
D:8:      minmay_bubble_buster, layout_basic, serial_shops, shop, uniq_psyche
D:9:      layout_loops_corners, cheibrodos_worm_habitat, erik_orc_4,
          ebering_ghost_rock_garden, tso_metal_star
D:10:     layout_roguey [special_room_orc], david_lair_generic
D:11:     layout_loops_ring, basic_altar
D:12:     layout_loops_ring, uniq_nessos, uniq_josephine
D:13:     layout_loops_cross
D:14:     layout_small_grid, hangedman_vaults_entry_quadrant_bands,
          hangedman_pestilent_swarm
D:15:     grunt_enter_depths_magical_seal, layout_basic, minmay_misc_feat_five,
          basic_altar, serial_shops, shop, fedhas_altar_2, uniq_kirke
Temple:   compressed_dpeg_circular_temple
Lair:1:   layout_cave_pods, infiniplex_staircase_pool, lemuel_fruit_tree,
          uniq_harold
Lair:2:   layout_long_grid
Lair:3:   layout_layer_cave, minmay_shoals_entry_beasts, dummy_snake_entry
Lair:4:   layout_misc_corridors
Lair:5:   layout_cave_shapes, gammafunk_ghost_hydra_chop,
          chequers_serial_rivers_micro_b
Lair:6:   evilmike_catoblepas_cave, layout_big_grid, slime_altar_1,
          gauntlet_entry_generic, gammafunk_ghost_split, serial_forest,
          infiniplex_forest_corner_1, infiniplex_forest_straight_2,
          infiniplex_forest_split, infiniplex_forest_lined_2,
          infiniplex_forest_clump_long, infiniplex_forest_end_2,
          infiniplex_forest_end_1, infiniplex_forest_clump_tiny,
          infiniplex_forest_lined_corner
Shoals:1: layout_shoals
Shoals:2: layout_shoals
Shoals:3: layout_shoals
Shoals:4: shoals_end_grunt_ice, layout_shoals, shoals_ilsuiw_ice,
          lemuel_altar_in_water
Snake:1:  layout_concentric_octagons, serial_bayou_shore_a
Snake:2:  layout_gridlike, serial_shops, shop, nicolae_shop_waterfront,
          shop_statue, nicolae_shop_waterfront, shop, serial_bayou_pond_c,
          grunt_megastairs_2, uniq_vashnia
Snake:3:  layout_cave_town, basic_altar, serial_shops, shop, shop, shop, shop,
          drop_trap
Snake:4:  minmay_snake_end_coiled, layout_misc_corridors, basic_altar,
          st_stairs_13, uniq_nikola
Orc:1:    layout_caves, lemuel_statue_altar
Orc:2:    st_orc_open, layout_caves, serial_shops, shop, mines1_david
Gauntlet: minmay_gauntlet_77_tree [minmay_gauntlet_arena_77_mess,
          minmay_gauntlet_arena_77_p_blocks, minmay_gauntlet_arena_77_squiggly,
          minmay_gauntlet_arena_77_broken_ladder,
          minmay_gauntlet_arena_77_run_for_it,
          minmay_gauntlet_arena_77_checkered,
          minmay_gauntlet_arena_77_radiant_squares,
          nicolae_gauntlet_exit_dead_adventurers]

Skill      XL: |  1  2  3  4  5  6  7  8  9 10 11 12 13 14 15 16 17 18 19 |
---------------+----------------------------------------------------------+-----
Stealth        | 1 2 3 4 |  4.0
Dodging        | 3 4 5 7 8 9 11 12 | 12.2
Shields        | 1 2 3 4 6 10 13 14 15 | 15.0
Long Blades    | 4 6 7 8 10 12 13 14 | 14.0
Fighting       | 4 6 7 8 10 11 12 13 14 16 | 16.6
Spellcasting   | 2 4 6 |  6.0
Translocations | 1 3 |  3.0
Invocations    | 3 5 7 9 |  9.0
Poison Magic   | 1 |  1.1
Conjurations   | 1 |  1.0
Air Magic      | 2 3 5 |  5.0
Necromancy     | 2 3 |  3.9
Summonings     | 2 5 |  5.0
Evocations     | 2 5 6 |  6.0
Hexes          | 5 10 11 | 11.0

Action                   |  1- 3 |  4- 6 |  7- 9 | 10-12 | 13-15 | 16-18 | 19-21 || total
-------------------------+-------+-------+-------+-------+-------+-------+-------++-------
Melee: Falchion          |    48 |   128 |   233 |    64 |       |       |       ||   473
       Constrict         |    10 |    43 |    48 |   100 |   113 |   165 |     2 ||   481
       Tentacles         |     7 |    29 |    67 |   154 |   283 |   328 |    23 ||   891
       Double sword      |       |       |       |   489 |   954 |   932 |    98 ||  2473
       Bite              |       |       |       |    94 |   158 |   170 |    16 ||   438
       Kick              |       |       |       |    93 |   442 |   500 |    40 ||  1075
Throw: Tomahawk          |       |       |       |     5 |       |       |       ||     5
 Cast: Mephitic Cloud    |       |       |       |    32 |    16 |     1 |       ||    49
       Blink             |       |       |       |    18 |     3 |     7 |       ||    28
       Animate Skeleton  |       |       |       |     2 |    44 |    20 |     5 ||    71
       Summon Lightning  |       |       |       |       |       |     2 |       ||     2
       Invisibility      |       |       |       |       |       |     4 |       ||     4
Invok: Deal Four         |       |       |       |       |       |     1 |       ||     1
 Abil: Draw Destruction  |       |       |     5 |    15 |    25 |    40 |     3 ||    88
       Draw Summoning    |       |       |       |     3 |    13 |    15 |     2 ||    33
Evoke: Wand              |       |       |     5 |     8 |    10 |    11 |     2 ||    36
       Lightning rod     |       |       |       |     4 |       |       |       ||     4
  Use: Scroll            |       |       |     6 |    12 |    19 |    24 |       ||    61
       Potion            |       |       |       |     1 |     2 |     4 |     1 ||     8
 Stab: Sleeping          |     7 |     7 |    22 |    15 |    19 |    18 |       ||    88
       Invisible         |     1 |       |       |       |       |    14 |       ||    15
       Confused          |       |     1 |     2 |    12 |     4 |       |       ||    19
       Paralysed         |       |       |     9 |     6 |     3 |       |       ||    18
       Distracted        |       |       |       |     6 |     5 |     4 |     2 ||    17
       Petrified         |       |       |       |       |       |     3 |       ||     3
  Eat: Chunk             |     2 |     7 |    15 |    27 |    33 |    22 |       ||   106
       Ration            |       |       |     1 |     4 |     5 |     8 |     1 ||    19
Armor: Skin              |     4 |    12 |    16 |    40 |    42 |    15 |     1 ||   130
Dodge: Dodged            |    21 |    66 |   101 |   385 |   439 |   421 |    45 ||  1478
Block: Buckler           |       |       |    34 |   144 |    72 |       |       ||   250
       Shield            |       |       |       |       |   644 |   994 |   111 ||  1749
       Reflection        |       |       |       |       |    51 |   139 |    22 ||   212
       Rpst.: Falchion   |     7 |    15 |    31 |    16 |       |       |       ||    69
       Double sword      |       |       |       |    89 |   114 |    76 |     7 ||   286

Table legend:
 A = Non-vault XP
 B = Vault XP
 C = Vault XP percentage of total XP
 D = Non-vault monster count
 E = Vault monster count
 F = Vault count percentage of total count
                 A         B        C        D         E       F
            +---------+---------+-------+---------+---------+-------
      Total |  215454 |  119937 |  35.8 |     839 |     300 |  26.3
            +---------+---------+-------+---------+---------+-------
        D:1 |      11 |       0 |   0.0 |       6 |       0 |   0.0
        D:2 |      72 |       0 |   0.0 |      21 |       0 |   0.0
        D:3 |     327 |      72 |  18.0 |      42 |      12 |  22.2
        D:4 |     284 |      43 |  13.1 |      18 |       1 |   5.3
        D:5 |     536 |      46 |   7.9 |      17 |       2 |  10.5
        D:6 |    1031 |      43 |   4.0 |      27 |       1 |   3.6
        D:7 |    1235 |    1130 |  47.8 |      23 |      10 |  30.3
        D:8 |    1492 |    1375 |  48.0 |      26 |      13 |  33.3
        D:9 |    2231 |    1606 |  41.9 |      23 |      21 |  47.7
       D:10 |    1856 |    1176 |  38.8 |      26 |      27 |  50.9
       D:11 |    4622 |       0 |   0.0 |      24 |       0 |   0.0
       D:12 |    4946 |    2276 |  31.5 |      36 |       7 |  16.3
       D:13 |    6796 |       0 |   0.0 |      39 |       0 |   0.0
       D:14 |    9043 |    5462 |  37.7 |      32 |      19 |  37.3
       D:15 |    8550 |    8965 |  51.2 |      25 |      16 |  39.0
     Lair:1 |    7434 |     835 |  10.1 |      18 |       1 |   5.3
     Lair:2 |    4936 |       0 |   0.0 |      16 |       0 |   0.0
     Lair:3 |    7360 |     790 |   9.7 |      32 |       2 |   5.9
     Lair:4 |    7199 |       0 |   0.0 |      36 |       0 |   0.0
     Lair:5 |    1180 |    4182 |  78.0 |       6 |       4 |  40.0
     Lair:6 |    8421 |   14264 |  62.9 |      35 |      29 |  45.3
   Shoals:1 |   11859 |       0 |   0.0 |      24 |       0 |   0.0
   Shoals:2 |   15516 |       0 |   0.0 |      31 |       0 |   0.0
   Shoals:3 |   20911 |       0 |   0.0 |      47 |       0 |   0.0
   Shoals:4 |    8749 |   27608 |  75.9 |      17 |      37 |  68.5
    Snake:1 |   19472 |       0 |   0.0 |      39 |       0 |   0.0
    Snake:2 |   18623 |    8007 |  30.1 |      36 |       6 |  14.3
    Snake:3 |   26061 |       0 |   0.0 |      55 |       0 |   0.0
    Snake:4 |    9983 |   23344 |  70.0 |      20 |      45 |  69.2
      Orc:1 |    1261 |     743 |  37.1 |      20 |       1 |   4.8
      Orc:2 |    3457 |   14827 |  81.1 |      22 |      36 |  62.1
   Gauntlet |       0 |    3143 | 100.0 |       0 |      10 | 100.0
            +---------+---------+-------+---------+---------+-------
